[Event "Titled Tuesday Blitz December 06 Late 2022"]
[White "Haszon, David"]
[Black "Weisz, Bryan"]
[WhiteFideId "733610"]
[BlackFideId "30934133"]
[WhiteElo "2210"]
[BlackElo "2308"]
[Result "1-0"]
[Round "08"]
[TimeControl "180+1"]
[Date "2022.12.07"]
[WhiteClock "0:00:13"]
[BlackClock "0:00:04"]

1. e4 e5 2. Nf3 Nc6 3. c3 Nge7 4. Bb5 a6 5. Ba4 Ng6 6. d4 d6 7. dxe5 b5 8. Bb3 Ngxe5 9. Nxe5 Nxe5 10. f4 Ng4 11. O-O Be7 12. h3 Nf6 13. e5 Ng8 14. Qf3 Be6 15. Bxe6 fxe6 16. f5 dxe5 17. Qh5+ Kd7 18. fxe6+ Kc8 19. Qxe5 Nf6 20. Bf4 Re8 21. a4 Bd6 22. Qf5 Bxf4 23. Qxf4 Rxe6 24. axb5 Qd5 25. bxa6 Re2 26. Rf2 Qc5 27. b4 Qb6 28. Qd4 Rxf2 29. Qxf2 Rxa6 30. Ra3 Rxa3 31. Qxb6 cxb6 32. Nxa3 Kb7 33. Nc4 Nd5 34. Nd6+ Kc6 35. Ne4 b5 36. Kf2 Nb6 37. Ke3 Kd5 38. Kd3 Na4 39. Ng5 Nb2+ 40. Kc2 Nc4 41. Nxh7 Ne3+ 42. Kb3 Nxg2 43. Nf8 Nf4 44. h4 Ng2 45. Ng6 Ke6 46. c4 bxc4+ 47. Kxc4 Kf5 48. b5 Ne3+ 49. Kc5 Kxg6 50. b6 Nf5 51. b7 Nxh4 52. b8=Q Nf5 53. Kd5 Ne7+ 54. Ke4 Nc6 55. Qd6+ 1-0


[Site "https://www.chess.com"]

[Event "Titled Tuesday Blitz December 06 Late 2022"]
[White "Hernandez Jimenez, Alexander Andres"]
[Black "Antonio, Jorge Carlos"]
[WhiteFideId "3900452"]
[BlackFideId "113190"]
[WhiteElo "2098"]
[BlackElo "2247"]
[Result "1-0"]
[Round "08"]
[TimeControl "180+1"]
[Date "2022.12.07"]
[WhiteClock "0:00:04"]
[BlackClock "0:00:15"]

1. e4 Nf6 2. e5 Nd5 3. d4 c5 4. c4 Nc7 5. d5 d6 6. Nf3 b5 7. cxb5 g6 8. Nc3 Bg7 9. exd6 Qxd6 10. Bc4 Bxc3+ 11. bxc3 Nd7 12. O-O Nb6 13. Qe2 Nxc4 14. Qxc4 Qxd5 15. Qa4 O-O 16. Bh6 Re8 17. Rad1 Qh5 18. Bf4 Nd5 19. b6 Bg4 20. b7 Rad8 21. Rxd5 Qxd5 22. b8=Q Rxb8 23. Bxb8 Rxb8 24. Qxg4 Qxa2 25. h4 Rb1 26. Rxb1 Qxb1+ 27. Kh2 Qf5 28. Qxf5 gxf5 29. Kg3 e6 30. Kf4 f6 31. Ke3 e5 32. Nd2 a5 33. Nb3 a4 34. Nxc5 a3 35. Nb3 Kf7 36. c4 Ke6 37. g3 Kd6 38. Kd3 Kc6 39. Kc3 h5 40. Kb4 a2 41. Ka3 f4 42. gxf4 e4 43. Kxa2 Kd6 44. Kb2 Ke6 45. Kc3 Kf5 46. c5 Kxf4 47. c6 Kf3 48. c7 Kxf2 49. c8=Q e3 50. Qf5+ Ke1 51. Nd4 e2 52. Qd3 Kf2 53. Qxe2+ Kg3 54. Qf3+ Kxh4 55. Qxf6+ Kg4 56. Qf3+ Kg5 57. Ne6+ Kg6 58. Nf8+ Kg5 59. Ne6+ Kg6 60. Nf4+ Kg5 61. Qxh5+ Kxf4 62. Qe2 Kf5 63. Kd4 Kf4 64. Qe3+ Kf5 65. Qf3+ Kg5 66. Ke4 Kg6 67. Qf5+ Kg7 68. Ke5 Kh6 69. Qg4 Kh7 70. Kf6 Kh8 71. Qg7# 1-0


[Site "https://www.chess.com"]

[Event "Titled Tuesday Blitz December 06 Late 2022"]
[White "Hoffmann, Asa"]
[Black "Bogaudinov, Rushan"]
[WhiteFideId "2001470"]
[BlackFideId "4129288"]
[WhiteElo "2117"]
[BlackElo "2028"]
[Result "0-1"]
[Round "08"]
[TimeControl "180+1"]
[Date "2022.12.07"]
[WhiteClock "0:00:18"]
[BlackClock "0:00:19"]

1. d4 Nf6 2. Bg5 d5 3. Nd2 c6 4. e3 Bf5 5. c4 e6 6. Qb3 Qb6 7. c5 Qxb3 8. axb3 Ne4 9. Nxe4 Bxe4 10. b4 Nd7 11. b5 f6 12. Bh4 e5 13. f3 Bg6 14. Bg3 h5 15. h4 Be7 16. Ne2 O-O 17. Nc3 Rfe8 18. Kd2 Bf8 19. b4 Bf5 20. bxc6 bxc6 21. b5 cxb5 22. Bxb5 Reb8 23. Ra5 a6 24. Rha1 Nxc5 25. dxc5 Bxc5 26. e4 Bb4 27. Rxa6 Rxa6 28. Bxa6 d4 29. Bc4+ Kh7 30. Kd3 Bxc3 31. Ra7 Bc8 32. f4 Rb2 33. Bd5 Bg4 34. Kc4 Be2+ 35. Kc5 d3 36. fxe5 fxe5 37. Kc4 d2+ 38. Kxc3 d1=Q 39. Kxb2 Qd4+ 40. Kb3 Bd1+ 41. Ka3 Qxa7+ 42. Kb4 Qb6+ 43. Kc4 Be2+ 44. Kc3 Qe3+ 45. Kb4 Qxg3 0-1


[Site "https://www.chess.com"]

[Event "Titled Tuesday Blitz December 06 Late 2022"]
[White "Jarmula, Lukasz"]
[Black "Zhigalko, Sergei"]
[WhiteFideId "1160664"]
[BlackFideId "13502956"]
[WhiteElo "2357"]
[BlackElo "2662"]
[Result "0-1"]
[Round "08"]
[TimeControl "180+1"]
[Date "2022.12.06"]
[WhiteClock "0:01:40"]
[BlackClock "0:02:37"]

1. e4 c5 2. Nf3 Nc6 3. Bb5 Nf6 4. Nc3 Qc7 5. O-O Nd4 6. Re1 a6 7. Bf1 Ng4 8. g3 Nxf3+ 9. Qxf3 Ne5 10. Qe2 e6 11. Bg2 Be7 12. d3 O-O 13. Bf4 d6 14. a4 Rb8 15. h4 b5 16. axb5 axb5 17. h5 h6 18. Nd1 Bf6 19. Ne3 b4 20. b3 Bd7 21. Rac1 Ra8 22. Ng4 Nxg4 23. Qxg4 e5 0-1


[Site "https://www.chess.com"]

[Event "Titled Tuesday Blitz December 06 Late 2022"]
[White "Jaskolka, Tomasz"]
[Black "monkins"]
[WhiteFideId "1170791"]
[WhiteElo "2126"]
[BlackElo "2236"]
[Result "1-0"]
[Round "08"]
[TimeControl "180+1"]
[Date "2022.12.07"]
[WhiteClock "0:01:34"]
[BlackClock "0:00:07"]

1. e4 c6 2. d4 d5 3. e5 c5 4. dxc5 Nc6 5. a3 a5 6. f4 Nh6 7. Nf3 Bg4 8. Bb5 e6 9. Be3 f6 10. O-O Be7 11. h3 Bxf3 12. Qxf3 O-O 13. Bxc6 bxc6 14. Bd4 fxe5 15. Bxe5 Bxc5+ 16. Kh1 Qh4 17. Nc3 Nf5 18. Kh2 Ne3 19. Rfc1 Nc4 20. Qg3 Qxg3+ 21. Kxg3 Nxe5 22. fxe5 Bd4 23. Rf1 Bxe5+ 24. Kg4 Rxf1 25. Rxf1 Rf8 26. Rxf8+ Kxf8 27. Nd1 a4 28. b3 axb3 29. cxb3 c5 30. Nf2 c4 31. bxc4 dxc4 32. Kf3 Ke7 33. Ke4 Bb2 34. Nd1 Bxa3 35. Kd4 Kf6 36. Kxc4 Kf5 37. Kd3 Kf4 38. Ke2 Kg3 39. Kf1 Bc5 40. Nc3 Bd4 41. Ne2+ Kh4 42. Nxd4 e5 43. Nf3+ Kg3 44. Nxe5 g5 45. Kg1 h5 46. Nf3 g4 47. hxg4 Kxg4 48. Kh2 h4 49. Ng1 Kf4 50. Kh3 Kg5 51. Nf3+ Kh5 52. Nxh4 1-0


[Site "https://www.chess.com"]

[Event "Titled Tuesday Blitz December 06 Late 2022"]
[White "Jimenez Almeida, Luis David"]
[Black "Zhu, Jiner"]
[WhiteFideId "22242244"]
[BlackFideId "8608059"]
[WhiteElo "2158"]
[BlackElo "2384"]
[Result "1/2-1/2"]
[Round "08"]
[TimeControl "180+1"]
[Date "2022.12.07"]
[WhiteClock "0:00:03"]
[BlackClock "0:00:04"]

1. e4 e5 2. Nf3 Nc6 3. Bb5 a6 4. Ba4 d6 5. d4 exd4 6. Nxd4 Bd7 7. Bxc6 bxc6 8. O-O Nf6 9. Nc3 Be7 10. Re1 O-O 11. b3 c5 12. Nde2 Re8 13. Bb2 Bf8 14. Ng3 Rb8 15. Qd3 Be6 16. Qxa6 c4 17. Qa5 Ng4 18. h3 Ne5 19. Nd5 cxb3 20. axb3 Rb7 21. Rad1 Nc4 22. Qa6 Nxb2 23. Qxb7 Nxd1 24. Rxd1 Bxd5 25. Qxd5 g6 26. b4 h5 27. b5 Qe7 28. Re1 Bg7 29. c4 h4 30. Nf1 Be5 31. Re2 Qg5 32. g3 hxg3 33. Nxg3 Re7 34. Kg2 Kg7 35. c5 dxc5 36. Qxc5 Re8 37. Qe3 Qf6 38. Qf3 Qb6 39. Qg4 Qxb5 40. Rd2 Bxg3 41. Kxg3 Re7 42. Qf4 Qb3+ 43. Kg2 Qe6 44. f3 c5 45. Rc2 c4 46. Qd2 Rc7 47. Qd4+ Kh7 48. Rc3 Rd7 49. Qe3 Rd1 50. Rc1 Rd3 51. Qf4 c3 52. e5 Rd2+ 53. Kg3 Rd3 54. Qe4 Qd7 55. Rc2 Rd1 56. Rxc3 Qd2 57. Qe3 Qb2 58. Rd3 Qb8 59. Qf4 Rxd3 60. Qxf7+ Kh6 61. Qf4+ Kg7 62. Qf6+ Kh7 63. Qf7+ Kh8 64. Qf6+ Kh7 65. Qf7+ 1/2-1/2


[Site "https://www.chess.com"]

[Event "Titled Tuesday Blitz December 06 Late 2022"]
[White "Kaganskiy, Gleb"]
[Black "Pinheiro, Iung Alicio de O."]
[WhiteFideId "4132025"]
[BlackFideId "2104350"]
[WhiteElo "2165"]
[BlackElo "2283"]
[Result "0-1"]
[Round "08"]
[TimeControl "180+1"]
[Date "2022.12.07"]
[WhiteClock "0:00:01"]
[BlackClock "0:00:07"]

1. e4 c5 2. Nf3 Nc6 3. d4 cxd4 4. Nxd4 e5 5. Nb5 d6 6. a4 a6 7. N5a3 Be6 8. Bc4 Rc8 9. Nc3 Nb4 10. Nd5 Nxd5 11. Bxd5 Bxd5 12. Qxd5 Qc7 13. c4 Nf6 14. Qd3 Qc6 15. f3 Qxa4 16. O-O h6 17. Rd1 Be7 18. b3 Qc6 19. Nc2 O-O 20. Be3 Rfd8 21. Nb4 Qd7 22. Bb6 Re8 23. Nd5 Nxd5 24. Qxd5 Qc6 25. Bf2 Qxd5 26. Rxd5 Rc6 27. Rad1 Rec8 28. Be1 b6 29. Bb4 Rd8 30. Kf1 f6 31. Ke2 Kf7 32. Ra1 Ra8 33. g3 Ke6 34. f4 g6 35. Kf3 a5 36. Ba3 Rb8 37. Rad1 Rbc8 38. Rb5 R8c7 39. Rdd5 Rc8 40. Ke3 h5 41. Kf3 Rb8 42. Ke3 Rf8 43. Kf3 Rf7 44. Rd1 Rf8 45. Rbd5 f5 46. fxe5 fxe4+ 47. Kxe4 dxe5 48. Rxe5+ Kf6 49. Rf1+ Kg7 50. Rxe7+ Kg8 0-1


[Site "https://www.chess.com"]

[Event "Titled Tuesday Blitz December 06 Late 2022"]
[White "Khandelwal, Ankush"]
[Black "Rastbod, Ali"]
[WhiteFideId "413470"]
[BlackFideId "12567477"]
[WhiteElo "2478"]
[BlackElo "2618"]
[Result "0-1"]
[Round "08"]
[TimeControl "180+1"]
[Date "2022.12.07"]
[WhiteClock "0:00:07"]
[BlackClock "0:00:26"]

1. e4 c5 2. Nf3 e6 3. d4 cxd4 4. Nxd4 Bc5 5. Nb3 Bb6 6. Nc3 Ne7 7. Bf4 O-O 8. Bd6 Nbc6 9. Qd2 f5 10. O-O-O fxe4 11. Nxe4 Rf7 12. g4 a5 13. a4 Nd5 14. f4 Be3 15. f5 exf5 16. gxf5 Rxf5 17. Bc4 Bxd2+ 18. Rxd2 Qe8 19. Rxd5 Rxd5 20. Bxd5+ Kh8 21. Rf1 Ne7 22. Bf7 Qd8 23. Bc4 h6 24. Rf7 Ng6 25. Bd3 Qe8 26. Rf1 b6 27. Nd4 Bb7 28. Ng3 Qe3+ 29. Kb1 Qxd4 30. Bxg6 Qxd6 0-1


[Site "https://www.chess.com"]

[Event "Titled Tuesday Blitz December 06 Late 2022"]
[White "Kim, Sergey"]
[Black "Bongo Akanga Ndjila, Barthelemy"]
[WhiteFideId "13700570"]
[BlackFideId "10609431"]
[WhiteElo "2570"]
[BlackElo "1768"]
[Result "1-0"]
[Round "08"]
[TimeControl "180+1"]
[Date "2022.12.07"]
[WhiteClock "0:00:40"]
[BlackClock "0:00:03"]

1. d4 d5 2. c4 e6 3. Nc3 Nf6 4. Nf3 Be7 5. Bf4 O-O 6. e3 a6 7. c5 b6 8. b4 Nc6 9. a3 b5 10. h3 Re8 11. Bd3 h6 12. O-O Bf8 13. Qc2 Ne7 14. Ne5 Bb7 15. a4 c6 16. f3 Qc8 17. Bh2 Nf5 18. Qf2 Nd7 19. e4 Nxe5 20. Bxe5 dxe4 21. fxe4 f6 22. Bh2 Ne7 23. Bd6 Qd7 24. Qg3 Rad8 25. e5 Nf5 26. Bxf5 exf5 27. exf6 Bxd6 28. cxd6 Qf7 29. Rxf5 Re6 30. Raf1 Rdxd6 31. fxg7 Rf6 32. Qxd6 Rxf5 33. Qb8+ Kxg7 34. Rxf5 Qxf5 35. Qxb7+ Kh8 36. Qb8+ Kh7 37. Qc7+ Kg8 38. Qd8+ Kh7 39. Qe7+ Kg8 40. Qe8+ Kh7 41. axb5 cxb5 42. Qe4 Qxe4 43. Nxe4 Kg6 44. Nc5 a5 45. bxa5 b4 46. a6 Kf6 47. a7 Ke7 48. a8=Q Kd6 49. Qe4 b3 50. Nxb3 1-0


[Site "https://www.chess.com"]

[Event "Titled Tuesday Blitz December 06 Late 2022"]
[White "Kollars, Dmitrij"]
[Black "Drozdowski, Kacper"]
[WhiteFideId "12909572"]
[BlackFideId "1136720"]
[WhiteElo "2584"]
[BlackElo "2486"]
[Result "1/2-1/2"]
[Round "08"]
[TimeControl "180+1"]
[Date "2022.12.06"]
[WhiteClock "0:00:56"]
[BlackClock "0:00:55"]

1. e4 c5 2. Nf3 e6 3. c3 d5 4. exd5 Qxd5 5. d4 Nf6 6. Na3 Nc6 7. Be3 cxd4 8. Nb5 Qd8 9. Nbxd4 Nxd4 10. Bxd4 Be7 11. Bd3 O-O 12. O-O b6 13. Qe2 Bb7 14. Rfe1 h6 15. Rad1 Qc7 16. Ne5 Rad8 17. Qe3 Bc5 18. Bxc5 Qxc5 19. Qxc5 bxc5 20. f3 Rfe8 21. Kf2 Kf8 22. Bb5 Rxd1 23. Rxd1 Rb8 24. b3 Ke7 25. Bc6 Bc8 26. c4 g5 27. Bb5 Bb7 28. Bc6 Bc8 29. Nd3 Bd7 30. Ne5 Bc8 1/2-1/2


[Site "https://www.chess.com"]

[Event "Titled Tuesday Blitz December 06 Late 2022"]
[White "Korobov, Anton"]
[Black "Melkumyan, Hrant"]
[WhiteFideId "14105730"]
[BlackFideId "13302485"]
[WhiteElo "2635"]
[BlackElo "2604"]
[Result "0-1"]
[Round "08"]
[TimeControl "180+1"]
[Date "2022.12.06"]
[WhiteClock "0:00:10"]
[BlackClock "0:00:17"]

1. d4 Nf6 2. c4 g6 3. Nc3 Bg7 4. e4 d6 5. Be2 e5 6. Nf3 exd4 7. Nxd4 Nc6 8. Be3 O-O 9. O-O Re8 10. f3 Nxd4 11. Bxd4 Be6 12. Qd2 c6 13. Rad1 a6 14. a3 b5 15. c5 dxc5 16. Bxc5 Qxd2 17. Rxd2 Nd7 18. Bf2 Ne5 19. Rfd1 Bb3 20. Re1 Bc4 21. f4 Bxe2 22. Rexe2 Nc4 23. Rc2 Rad8 24. e5 f6 25. exf6 Rxe2 26. Rxe2 Bxf6 27. g4 Nxb2 28. Ne4 Bg7 29. Nc5 Nd1 30. Ne6 Re8 31. f5 Nxf2 32. Kxf2 gxf5 33. gxf5 Bf8 34. Kf3 Bxa3 35. Rg2+ Kf7 36. Ke4 Kf6 37. Rg3 Bf8 38. Rh3 h6 39. Rg3 a5 40. Rg6+ Kf7 41. Kf4 a4 42. Nxf8 Rxf8 43. Rxc6 Ra8 44. Rc7+ Kg8 45. f6 a3 46. Kf5 a2 47. Rg7+ Kf8 48. Kg6 a1=Q 49. Rf7+ Ke8 0-1


[Site "https://www.chess.com"]

[Event "Titled Tuesday Blitz December 06 Late 2022"]
[White "Leenhouts, Koen"]
[Black "Harshavardhan G B"]
[WhiteFideId "1008439"]
[BlackFideId "25059009"]
[WhiteElo "2409"]
[BlackElo "2323"]
[Result "0-1"]
[Round "08"]
[TimeControl "180+1"]
[Date "2022.12.06"]
[WhiteClock "0:00:02"]
[BlackClock "0:00:20"]

1. e4 e5 2. Nf3 Nc6 3. Bb5 a6 4. Ba4 d6 5. c3 f5 6. d3 Nf6 7. Nbd2 Be7 8. Bb3 fxe4 9. Nxe4 d5 10. Nxf6+ Bxf6 11. c4 Be6 12. cxd5 Bxd5 13. O-O O-O 14. Ng5 Nd4 15. Bxd5+ Qxd5 16. Ne4 Be7 17. Be3 Ne6 18. Qc2 Rfd8 19. Rfd1 Rac8 20. a3 c5 21. Rac1 b5 22. Qe2 c4 23. Nc3 cxd3 24. Qg4 Qd7 25. Bh6 Kh8 26. Be3 Bf6 27. Ne4 Rxc1 28. Rxc1 Be7 29. Rd1 Nf4 30. Qxd7 Rxd7 31. Bxf4 exf4 32. Kf1 b4 33. axb4 Bxb4 34. f3 Kg8 35. Nf2 d2 36. Ke2 Kf7 37. Ne4 Re7 38. Kd3 Ke6 39. Nxd2 Rd7+ 40. Ke2 Rxd2+ 41. Rxd2 Bxd2 42. Kxd2 Kd5 43. Kd3 a5 44. b3 g5 45. Kc3 Kc5 46. Kd3 Kb4 47. Kc2 Ka3 48. Kc3 h5 49. Kc2 g4 50. Kc3 Ka2 51. h3 gxh3 52. gxh3 Kb1 0-1


[Site "https://www.chess.com"]

[Event "Titled Tuesday Blitz December 06 Late 2022"]
[White "Liu, Kelsey"]
[Black "Floresvillar Gonzalez, Luis Migu"]
[WhiteFideId "30944481"]
[BlackFideId "5100542"]
[WhiteElo "2255"]
[BlackElo "2040"]
[Result "1-0"]
[Round "08"]
[TimeControl "180+1"]
[Date "2022.12.07"]
[WhiteClock "0:01:30"]
[BlackClock "0:02:13"]

1. e4 e6 2. d4 d5 3. Nc3 Nf6 4. Bg5 Be7 5. e5 Nfd7 6. h4 h6 7. Be3 a6 8. Qg4 Bf8 9. f4 c5 10. Nf3 cxd4 11. Nxd4 Nc6 12. Nxe6 fxe6 13. Qg6+ Ke7 14. Be2 Qe8 15. Nxd5+ exd5 16. Qd6+ Kd8 17. Bb6# 1-0


[Site "https://www.chess.com"]

[Event "Titled Tuesday Blitz December 06 Late 2022"]
[White "Makridis, Dimitrios"]
[Black "Adla, Diego"]
[WhiteFideId "25864475"]
[BlackFideId "100072"]
[WhiteElo "2272"]
[BlackElo "2377"]
[Result "0-1"]
[Round "08"]
[TimeControl "180+1"]
[Date "2022.12.06"]
[WhiteClock "0:00:09"]
[BlackClock "0:00:29"]

1. e4 e5 2. Nf3 Nc6 3. Bb5 a6 4. Bxc6 dxc6 5. O-O Bg4 6. h3 h5 7. d3 Qf6 8. Nbd2 g5 9. Nc4 Bxf3 10. Qxf3 Qxf3 11. gxf3 f6 12. c3 O-O-O 13. Rd1 Rh7 14. Be3 Rhd7 15. d4 Bc5 16. d5 Bxe3 17. Nxe3 cxd5 18. Nxd5 Kb8 19. Ne3 Ne7 20. Rxd7 Rxd7 21. Rd1 Rxd1+ 22. Nxd1 Ng6 23. Ne3 Nf4 24. h4 Kc8 25. hxg5 fxg5 26. Nc4 Nd3 27. b3 Kd7 28. Kg2 Ke6 29. Nd2 Nf4+ 30. Kh2 b5 31. b4 Ne2 32. Nb1 Kd6 33. Kg2 c5 34. Kf1 Nf4 35. Na3 Nd3 36. Nc2 h4 37. a3 Nb2 38. Ne3 cxb4 39. cxb4 Nc4 40. Nc2 Ke6 41. Kg2 Kf6 42. Kh2 Kg6 43. Kg2 Kh5 44. Kh3 Nd2 45. Kg2 g4 46. fxg4+ Kxg4 47. Ne3+ Kf4 48. Nd5+ Kxe4 49. Nc7 Nc4 50. Nxa6 Nxa3 51. Nc5+ Kd5 52. Nd7 Nc2 53. Kh3 Nxb4 54. Kxh4 Nd3 55. Kg3 b4 56. Nb6+ Kd4 57. Kf3 b3 58. Na4 b2 59. Nxb2 Nxb2 60. Kg4 Nd3 61. Kf3 Nf4 62. Kg3 Ke4 63. Kg4 Nd3 64. Kg3 Kf5 65. Kf3 Nc5 66. Ke3 Ne6 67. Kf3 Ng5+ 68. Ke3 e4 69. Ke2 Kf4 70. Kf1 Kf3 71. Ke1 Nh3 72. Kf1 Nxf2 73. Kg1 Nd3 74. Kh2 Nc5 75. Kg1 e3 76. Kf1 e2+ 77. Ke1 Nb7 78. Kd2 Kf2 0-1


[Site "https://www.chess.com"]

[Event "Titled Tuesday Blitz December 06 Late 2022"]
[White "Maksimovic, Bojan"]
[Black "Mendez Fortes, Eduardo Jesus"]
[WhiteFideId "14408120"]
[BlackFideId "3502376"]
[WhiteElo "2462"]
[BlackElo "2307"]
[Result "1-0"]
[Round "08"]
[TimeControl "180+1"]
[Date "2022.12.06"]
[WhiteClock "0:00:13"]
[BlackClock "0:00:17"]

1. d4 Nf6 2. c4 e6 3. Nf3 d5 4. g3 dxc4 5. Bg2 a6 6. Ne5 Bb4+ 7. Nc3 Nd5 8. Bd2 b5 9. a4 Bxc3 10. bxc3 Bb7 11. O-O O-O 12. Qb1 c6 13. Nxc4 Nd7 14. Nd6 Qc7 15. Nxb7 Qxb7 16. c4 Nc7 17. axb5 axb5 18. Rxa8 Rxa8 19. Qe4 Ra6 20. Rb1 Qa7 21. cxb5 Nxb5 22. e3 Nf6 23. Qd3 Nd5 24. Rc1 Ra1 25. Qc4 Rxc1+ 26. Qxc1 Qb6 27. Qa1 Qa7 28. Qc1 Qb6 29. Be4 g6 30. h4 Nd6 31. Bf3 Qb5 32. Kg2 h5 33. Qa3 Nc4 34. Qc1 Nxd2 35. Qxd2 Qc4 36. Qa5 Kg7 37. e4 Nf6 38. Qe5 Qb5 39. Qxb5 cxb5 40. e5 Ne8 41. Bc6 Nc7 42. Kf3 f6 43. Ke4 Kf7 44. Kd3 fxe5 45. dxe5 Na6 46. Bxb5 Nc5+ 47. Kd4 Nb7 48. Bc6 Nd8 49. Be4 Kg7 50. Bc2 Kf7 51. Be4 Kg7 52. Kc5 Nf7 53. f4 Nh6 54. Kd6 Kf7 55. Bc2 Ng4 56. Bb3 Nf2 57. Bxe6+ Kg7 58. Bd5 Ng4 59. e6 Nf6 60. e7 Ne8+ 61. Ke5 Nf6 62. Bc6 Ng4+ 63. Ke6 Nf6 64. e8=Q Nxe8 65. Bxe8 Kh6 66. Kf6 Kh7 67. Bxg6+ Kh6 68. Be8 Kh7 69. Bxh5 Kh6 70. Bf3 Kh7 71. g4 Kh6 72. g5+ Kh7 73. h5 Kh8 74. h6 Kg8 75. f5 Kh8 76. g6 Kg8 77. Kg5 Kh8 78. f6 Kg8 79. Bg2 Kf8 80. Bf1 Kg8 81. Be2 Kh8 82. g7+ Kg8 83. Bc4+ Kh7 84. g8=Q# 1-0


[Site "https://www.chess.com"]

[Event "Titled Tuesday Blitz December 06 Late 2022"]
[White "Manukyan, Sargis A."]
[Black "Kovacevic, Radmila"]
[WhiteFideId "13303970"]
[BlackFideId "933171"]
[WhiteElo "2187"]
[BlackElo "2244"]
[Result "1-0"]
[Round "08"]
[TimeControl "180+1"]
[Date "2022.12.07"]
[WhiteClock "0:00:27"]
[BlackClock "0:00:17"]

1. Nf3 Nf6 2. g3 d5 3. Bg2 h5 4. c4 dxc4 5. Qa4+ Nc6 6. Qxc4 Be6 7. Qb5 Qd7 8. Nc3 Nd5 9. O-O O-O-O 10. d4 h4 11. e4 a6 12. Qe2 Nxc3 13. bxc3 Bg4 14. Bf4 e5 15. dxe5 Bc5 16. Rad1 Qe6 17. Be3 Be7 18. Rxd8+ Rxd8 19. Bd4 g5 20. Qe3 Bxf3 21. Qxf3 Nxe5 22. Bxe5 Qxe5 23. Qxf7 hxg3 24. hxg3 Bc5 25. Qf5+ Qxf5 26. exf5 Rf8 27. Rd1 c6 28. Kf1 g4 29. Be4 Kc7 30. Kg2 b5 31. f3 a5 32. fxg4 Rg8 33. Kf3 Rf8 34. g5 b4 35. cxb4 axb4 36. g6 Be7 37. Rh1 Ra8 38. Rh7 Kd6 39. g7 Bf6 40. Rh6 Ke5 41. Bxc6 Ra3+ 42. Kg4 Bxg7 43. Re6+ Kd4 44. Rg6 Be5 45. f6 Rxg3+ 46. Kf5 Rxg6 47. Kxg6 Bxf6 48. Kxf6 Kc3 49. Bd5 Kb2 50. Bb3 Ka3 51. Ke5 Kb2 52. Kd5 Ka3 53. Kc5 Kb2 54. Kxb4 Ka1 55. a4 Kb2 56. a5 Kc1 57. a6 Kb2 58. Ka5 Kc1 59. Ba4 Kb1 60. a7 Ka2 61. Bb5 Ka1 62. a8=Q Ka2 63. Qg2+ Kb3 64. Qf3+ Kb2 65. Kb4 Kb1 66. Qf2 Ka1 67. Kb3 Kb1 68. Qb2# 1-0


[Site "https://www.chess.com"]

[Event "Titled Tuesday Blitz December 06 Late 2022"]
[White "Marchesich, Giovanni"]
[Black "Poliakova, Varvara"]
[WhiteFideId "2824790"]
[BlackFideId "13518313"]
[WhiteElo "2200"]
[BlackElo "2075"]
[Result "0-1"]
[Round "08"]
[TimeControl "180+1"]
[Date "2022.12.07"]
[WhiteClock "0:00:10"]
[BlackClock "0:00:55"]

1. d4 e5 2. e4 exd4 3. c3 d5 4. exd5 Qxd5 5. cxd4 Nc6 6. Nf3 Bg4 7. Nc3 Bb4 8. Be2 Bxf3 9. Bxf3 Qc4 10. Bxc6+ Qxc6 11. Qf3 Qxf3 12. gxf3 O-O-O 13. Be3 Nf6 14. Rc1 Rhe8 15. Ke2 Kb8 16. Rhg1 g6 17. Kd3 Re6 18. Bg5 c6 19. Ne4 Be7 20. Rge1 Nd5 21. Bxe7 Rxe7 22. Nc5 Nf4+ 23. Kc4 b5+ 24. Kc3 Ne2+ 25. Kb4 Rxd4+ 26. Ka5 Kc7 27. Rc2 Re5 28. b3 Rdd5 29. Na6+ Kb7 30. Nb4 Nd4 31. Rxe5 Rxe5 32. Rd2 c5 33. Nd3 Rd5 34. Nxc5+ Kc6 35. Nd3 Kd6 36. Ka6 Nc6 37. Rd1 Nb4+ 38. Nxb4 Rxd1 39. Kxb5 Rh1 40. Ka6 Rxh2 41. Ka5 Rxf2 42. a4 Rxf3 43. Ka6 Rxb3 44. Kxa7 Rxb4 45. a5 Ra4 46. a6 Rxa6+ 47. Kxa6 h5 0-1


[Site "https://www.chess.com"]

[Event "Titled Tuesday Blitz December 06 Late 2022"]
[White "Martin Carmona, Gaston Manuel"]
[Black "Souleidis, Georgios"]
[WhiteFideId "22284567"]
[BlackFideId "4206827"]
[WhiteElo "2494"]
[BlackElo "2621"]
[Result "1/2-1/2"]
[Round "08"]
[TimeControl "180+1"]
[Date "2022.12.07"]
[WhiteClock "0:00:22"]
[BlackClock "0:00:16"]

1. e4 c5 2. Nf3 e6 3. d4 cxd4 4. Nxd4 Nf6 5. Nc3 Nc6 6. Ndb5 Bc5 7. Bf4 O-O 8. Bc7 Qe7 9. Bd6 Bxd6 10. Qxd6 Qd8 11. Qc7 d5 12. Qxd8 Rxd8 13. exd5 exd5 14. O-O-O d4 15. Ne2 Ne4 16. Rg1 Nxf2 17. Rd2 Ne4 18. Rd3 Nc5 19. Rd2 Ne6 20. Ng3 a6 21. Na3 b5 22. Bd3 Bb7 23. Rf1 Rac8 24. Nf5 Rc7 25. Rdf2 Ne5 26. Kd2 g6 27. Ng3 Ng4 28. Re2 Ne3 29. Rff2 Nc4+ 30. Nxc4 bxc4 31. Be4 c3+ 32. Kc1 Kg7 33. b3 Nc5 34. Bxb7 Rxb7 35. Re5 Rc7 36. Ne4 Nxe4 37. Rxe4 Rcd7 38. Rf3 f5 39. Re6 Rd6 40. Rxd6 Rxd6 41. Rd3 Kf6 42. Kd1 Ke5 43. Ke2 f4 44. Rh3 Rd7 45. Kd3 Kf5 46. Rf3 g5 47. Rf1 a5 48. a3 h5 49. b4 axb4 50. axb4 Rb7 51. Rb1 Ke5 52. b5 Kd5 53. b6 g4 54. Rb5+ Kc6 55. Rxh5 Kxb6 56. Kxd4 Rf7 57. Re5 f3 58. gxf3 Rxf3 59. Rg5 Rh3 60. Rxg4 Rxh2 61. Kxc3 Kc5 62. Rg5+ Kc6 63. Kb4 Rxc2 1/2-1/2


[Site "https://www.chess.com"]

[Event "Titled Tuesday Blitz December 06 Late 2022"]
[White "Matinian, Nikita"]
[Black "Sarana, Alexey"]
[WhiteFideId "24129100"]
[BlackFideId "24133795"]
[WhiteElo "2422"]
[BlackElo "2708"]
[Result "0-1"]
[Round "08"]
[TimeControl "180+1"]
[Date "2022.12.06"]
[WhiteClock "0:00:01"]
[BlackClock "0:00:09"]

1. e4 c5 2. Nf3 d6 3. d4 cxd4 4. Nxd4 Nf6 5. Nc3 a6 6. Be2 e5 7. Nb3 Be7 8. g4 h6 9. Be3 Be6 10. h4 Nbd7 11. Rg1 Nh7 12. g5 hxg5 13. Nd5 gxh4 14. Rxg7 h3 15. Qd2 h2 16. O-O-O Nhf6 17. Bf3 Bxd5 18. exd5 e4 19. Bh1 Ne5 20. Nd4 Rc8 21. Kb1 Qd7 22. b3 Nxd5 23. c4 Bf6 24. Rg3 Nxc4 25. bxc4 Rxc4 26. Rc1 Nxe3 27. fxe3 Rxc1+ 28. Kxc1 d5 29. Rg2 Be5 30. Rg5 f6 31. Rg2 Kf7 32. Kb1 Bxd4 33. Qxd4 Qb5+ 34. Rb2 Qf1+ 35. Kc2 Rc8+ 36. Kb3 Qb5+ 37. Ka3 Qa5+ 38. Kb3 Rc4 39. Qd2 Qa4# 0-1


[Site "https://www.chess.com"]

[Event "Titled Tuesday Blitz December 06 Late 2022"]
[White "Melikyan, Gnel"]
[Black "Jaferian, Koosha"]
[WhiteFideId "54109990"]
[BlackFideId "12507440"]
[WhiteElo "2138"]
[BlackElo "2127"]
[Result "1-0"]
[Round "08"]
[TimeControl "180+1"]
[Date "2022.12.06"]
[WhiteClock "0:01:13"]
[BlackClock "0:00:39"]

1. e4 c5 2. Nf3 Nc6 3. Bb5 g6 4. d4 cxd4 5. O-O Bg7 6. c3 dxc3 7. Nxc3 Nf6 8. e5 Ng4 9. Bxc6 bxc6 10. Re1 Qb6 11. Qc2 Nh6 12. Be3 Qb8 13. Ne4 Nf5 14. Nf6+ Kf8 15. Bc5 d6 16. exd6 Bxf6 17. dxe7+ Bxe7 18. Rxe7 Nxe7 19. Qc3 Rg8 20. Re1 Be6 21. Rxe6 1-0


[Site "https://www.chess.com"]

[Event "Titled Tuesday Blitz December 06 Late 2022"]
[White "Meunier, Clement"]
[Black "O`Gorman, Tom"]
[WhiteFideId "20667930"]
[BlackFideId "2508249"]
[WhiteElo "2441"]
[BlackElo "2602"]
[Result "0-1"]
[Round "08"]
[TimeControl "180+1"]
[Date "2022.12.07"]
[WhiteClock "0:00:02"]
[BlackClock "0:00:44"]

1. e4 c5 2. Nf3 d6 3. Bb5+ Bd7 4. Bxd7+ Nxd7 5. O-O Ngf6 6. Re1 e6 7. c3 Be7 8. d4 O-O 9. e5 Nd5 10. exd6 Bxd6 11. c4 N5b6 12. b3 Qe7 13. Bb2 Rfd8 14. Qe2 cxd4 15. Nxd4 Bb4 16. Nc3 Nc5 17. Rad1 Qf6 18. a3 Rxd4 19. axb4 Nxb3 20. Ne4 Rxe4 21. Qxe4 Qxb2 22. Qxb7 Rf8 23. Qxa7 Nxc4 24. b5 Nbd2 25. Qc5 g6 26. Re2 Rb8 27. Kh1 Qxb5 28. Qd4 Qd5 29. Qc3 Rd8 30. h3 Qd4 31. Qc2 Qd3 32. Qxd3 Rxd3 33. g3 Kg7 34. Kg2 Kf6 35. h4 Rd4 36. Rc1 Ne4 37. Ra1 Ncd6 38. Ra7 Nf5 39. Rc2 Ned6 0-1


[Site "https://www.chess.com"]